Workbook
Name Location_Name: #REF!
Name Location_Names: #REF!
Name Location_Number: #REF!
Name Location_Numbers: #REF!

Sheet Reimbursement Instructions
A1: PODS - Inter-Franchise Repair Reimbursement Form Instructions
A3: Task # | B3: Cell(s) | C3: Task | D3: Worksheet | E3: Completed By
A4: 1 | B4: N/A | C4: Identify I-F containers at your market that need repair | D4: IF Repair Reimbursement | E4: Market
A5: 2 | B5: C3 | C5: Type the date the form was filled out | D5: IF Repair Reimbursement | E5: Market
A6: 3 | B6: C4 | C6: Type your Market Number here | D6: IF Repair Reimbursement | E6: Market
A7: 4 | B7: C7 | C7: Type first and last of person filling out form | D7: IF Repair Reimbursement | E7: Market
A8: 5 | B8: C8 | C8: Type your 10-digit Phone Number with or w/o dashes | D8: IF Repair Reimbursement | E8: Market
A9: 6 | B9: H5 : Q5 | C9: Type the container number(s) that need repair | D9: IF Repair Reimbursement | E9: Market
A10: 7 | B10: H11 : Q98 | C10: Type parts quantities needed for repair per container | D10: IF Repair Reimbursement | E10: Market
A11: 8 | B11: I139 : I148 | C11: Type additional comments (if needed or as required) | D11: IF Repair Reimbursement | E11: Market
A12: 9 | B12: N/A | C12: Attach at least 2 clear photos of each heavy repair area making sure to include the container number and/or serial number | D12: Attachment | E12: Market
A13: 10 | B13: N/A | C13: Save form and e-mail to FixedAssets@pods.com | D13: IF Repair Reimbursement | E13: Market
A14: 11 | B14: N/A | C14: Audit for unit number and repair history | D14: IF Repair Reimbursement | E14: Fixed Assets
A15: 12 | B15: A144 : A148 | C15: Type any additional comments (if needed) | D15: IF Repair Reimbursement | E15: Fixed Assets
... A27: 24 | B27: N/A | C27: Submit payment | D27: IF Repair Reimbursement | E27: Fixed Assets

Sheet IF Repair Reimbursement
A1: Gen 6 Container Repairs | E1: Inter-franchise Container Repair Request & Reimbursement Form
E2: Revised: Jul. 19, 2018 - Replaces form dated Jan. 15, 2018
A3: Date Submitted | C3: (Type in Date Here) | E3: ** Look at the bottom of this form to see what changes were made. **
A4: Market Number | C4: (Type in Market #) | E4: Repair Count | H4: 1 | I4: 2 | J4: 3 | K4: 4 | L4: 5 | M4: 6 | N4: 7 | O4: 8 | P4: 9 | Q4: 10
A5: Market Location | C5: =VLOOKUP(C4,'Market Listing'!A:B,2,FALSE) -> (Auto-populates after Mkt # is entered) | E5: Container Number
A6: Market Legal Name | C6: =VLOOKUP(C4,'Market Listing'!A:C,3,FALSE) -> (Auto-populates after Mkt # is entered) | E6: Date Repaired
A7: Submitted By | C7: (Type in First and Last Name) | E7: PO Number | H7: ='IF PO Record'!$I5 -> 0 | I7: ='IF PO Record'!$I5 -> 0 | J7: ='IF PO Record'!$I6 -> 0 | K7: ='IF PO Record'!$I7 -> 0 | L7: ='IF PO Record'!$I8 -> 0 | M7: ='IF PO Record'!$I9 -> 0 | N7: ='IF PO Record'!$I10 -> 0 | O7: ='IF PO Record'!$I11 -> 0 | P7: ='IF PO Record'!$I12 -> 0 | Q7: ='IF PO Record'!$I13 -> 0
A8: Phone Number | C8: (Type in 10 digit Phone Number) | H8: IF / Local | I8: IF / Local | J8: IF / Local | K8: IF / Local | L8: IF / Local | M8: IF / Local | N8: IF / Local | O8: IF / Local | P8: IF / Local | Q8: IF / Local
A10: Part No. | B10: Parts Description | D10: List Price | E10: Total Quantity | F10: Total Cost | H10: Quantity / Container | I10: Quantity / Container | J10: Quantity / Container | K10: Quantity / Container | L10: Quantity / Container | M10: Quantity / Container | N10: Quantity / Container | O10: Quantity / Container | P10: Quantity / Container | Q10: Quantity / Container | S10: Repair Time in minutes | AD10: Heavy / Light
A11: CLEANER | B11: Pressure Washing Cleaner (Enter .25 for one container) | D11: 9.65 | E11: =SUM(H11:Q11) -> 0 | F11: =+E11*D11 -> 0 | G11: L | S11: 15 | T11: =H11*$D11 -> 0 | U11: =I11*$D11 -> 0 | V11: =J11*$D11 -> 0 | W11: =K11*$D11 -> 0 | X11: =L11*$D11 -> 0 | Y11: =M11*$D11 -> 0 | Z11: =N11*$D11 -> 0 | AA11: =O11*$D11 -> 0 | ... AC11: =Q11*$D11 -> 0 | AD11: L
A12: Paint | B12: Paint for Panel repair-Rustoleum White Spray Can (Gen6) | D12: 9 | E12: =SUM(H12:Q12) -> 0 | F12: =+E12*D12 -> 0 | G12: L | S12: 15 | T12: =H12*$D12 -> 0 | U12: =I12*$D12 -> 0 | V12: =J12*$D12 -> 0 | W12: =K12*$D12 -> 0 | X12: =L12*$D12 -> 0 | Y12: =M12*$D12 -> 0 | Z12: =N12*$D12 -> 0 | AA12: =O12*$D12 -> 0 | ... AC12: =Q12*$D12 -> 0 | AD12: L
A13: PG6001 | B13: Silver Hucktainer Sleeve (Gen6) | D13: 0.17 | E13: =SUM(H13:Q13) -> 0 | F13: =+E13*D13 -> 0 | G13: L | S13: 5 | T13: =H13*$D13 -> 0 | U13: =I13*$D13 -> 0 | V13: =J13*$D13 -> 0 | W13: =K13*$D13 -> 0 | X13: =L13*$D13 -> 0 | Y13: =M13*$D13 -> 0 | Z13: =N13*$D13 -> 0 | AA13: =O13*$D13 -> 0 | ... AC13: =Q13*$D13 -> 0 | AD13: L
A14: PG6001C | B14: Hucktainer Pin (Gen6) | D14: 0.34 | E14: =SUM(H14:Q14) -> 0 | F14: =+E14*D14 -> 0 | G14: L | S14: 5 | T14: =H14*$D14 -> 0 | U14: =I14*$D14 -> 0 | V14: =J14*$D14 -> 0 | W14: =K14*$D14 -> 0 | X14: =L14*$D14 -> 0 | Y14: =M14*$D14 -> 0 | Z14: =N14*$D14 -> 0 | AA14: =O14*$D14 -> 0 | ... AC14: =Q14*$D14 -> 0 | AD14: L
A15: PG6005 | B15: Floor Self Tapping Screw (Gen6) | D15: 0.03 | E15: =SUM(H15:Q15) -> 0 | F15: =+(E15*D15) -> 0 | G15: L | S15: 3 | T15: =H15*$D15 -> 0 | U15: =I15*$D15 -> 0 | V15: =J15*$D15 -> 0 | W15: =K15*$D15 -> 0 | X15: =L15*$D15 -> 0 | Y15: =M15*$D15 -> 0 | Z15: =N15*$D15 -> 0 | AA15: =O15*$D15 -> 0 | ... AC15: =Q15*$D15 -> 0 | AD15: L
A16: PG6010 | B16: Dowel Pin for Bottom Corner Post (Gen6) | D16: 0.5 | E16: =SUM(H16:Q16) -> 0 | F16: =+(E16*D16) -> 0 | G16: L | S16: 3 | T16: =H16*$D16 -> 0 | U16: =I16*$D16 -> 0 | V16: =J16*$D16 -> 0 | W16: =K16*$D16 -> 0 | X16: =L16*$D16 -> 0 | Y16: =M16*$D16 -> 0 | Z16: =N16*$D16 -> 0 | AA16: =O16*$D16 -> 0 | ... AC16: =Q16*$D16 -> 0 | AD16: L
A17: PG6011L | B17: Gasket Front Corner Post Left (Gen6) | D17: 1.6 | E17: =SUM(H17:Q17) -> 0 | F17: =+E17*D17 -> 0 | G17: L | S17: 120 | T17: =H17*$D17 -> 0 | U17: =I17*$D17 -> 0 | V17: =J17*$D17 -> 0 | W17: =K17*$D17 -> 0 | X17: =L17*$D17 -> 0 | Y17: =M17*$D17 -> 0 | Z17: =N17*$D17 -> 0 | AA17: =O17*$D17 -> 0 | ... AC17: =Q17*$D17 -> 0 | AD17: L
A18: PG6011R | B18: Gasket Front Corner Post Right (Gen6) | D18: 1.6 | E18: =SUM(H18:Q18) -> 0 | F18: =+E18*D18 -> 0 | G18: L | S18: 120 | T18: =H18*$D18 -> 0 | U18: =I18*$D18 -> 0 | V18: =J18*$D18 -> 0 | W18: =K18*$D18 -> 0 | X18: =L18*$D18 -> 0 | Y18: =M18*$D18 -> 0 | Z18: =N18*$D18 -> 0 | AA18: =O18*$D18 -> 0 | ... AC18: =Q18*$D18 -> 0 | AD18: L
A19: PG6012L | B19: Gasket Rear Corner Post Left (Gen6) | D19: 1.6 | E19: =SUM(H19:Q19) -> 0 | F19: =+E19*D19 -> 0 | G19: L | S19: 120 | T19: =H19*$D19 -> 0 | U19: =I19*$D19 -> 0 | V19: =J19*$D19 -> 0 | W19: =K19*$D19 -> 0 | X19: =L19*$D19 -> 0 | Y19: =M19*$D19 -> 0 | Z19: =N19*$D19 -> 0 | AA19: =O19*$D19 -> 0 | ... AC19: =Q19*$D19 -> 0 | AD19: L
A20: PG6012R | B20: Gasket Rear Corner Post Right (Gen6) | D20: 1.6 | E20: =SUM(H20:Q20) -> 0 | F20: =+E20*D20 -> 0 | G20: L | S20: 120 | T20: =H20*$D20 -> 0 | U20: =I20*$D20 -> 0 | V20: =J20*$D20 -> 0 | W20: =K20*$D20 -> 0 | X20: =L20*$D20 -> 0 | Y20: =M20*$D20 -> 0 | Z20: =N20*$D20 -> 0 | AA20: =O20*$D20 -> 0 | ... AC20: =Q20*$D20 -> 0 | AD20: L
A21: PG6013 | B21: Bolt M12 x 1.75 x 30 w/Lock Tight (Gen6) | D21: 0.2 | E21: =SUM(H21:Q21) -> 0 | F21: =+E21*D21 -> 0 | G21: L | S21: 2 | T21: =H21*$D21 -> 0 | U21: =I21*$D21 -> 0 | V21: =J21*$D21 -> 0 | W21: =K21*$D21 -> 0 | X21: =L21*$D21 -> 0 | Y21: =M21*$D21 -> 0 | Z21: =N21*$D21 -> 0 | AA21: =O21*$D21 -> 0 | ... AC21: =Q21*$D21 -> 0 | AD21: L
A22: PG6014 | B22: Corner Post Washer Lock M12 (Gen6) | D22: 0.06 | E22: =SUM(H22:Q22) -> 0 | F22: =+E22*D22 -> 0 | G22: L | S22: 2 | T22: =H22*$D22 -> 0 | U22: =I22*$D22 -> 0 | V22: =J22*$D22 -> 0 | W22: =K22*$D22 -> 0 | X22: =L22*$D22 -> 0 | Y22: =M22*$D22 -> 0 | Z22: =N22*$D22 -> 0 | AA22: =O22*$D22 -> 0 | ... AC22: =Q22*$D22 -> 0 | AD22: L
A23: PG6015 | B23: EPDM Gasket Block (Gen6) | D23: 0.2 | E23: =SUM(H23:Q23) -> 0 | F23: =+E23*D23 -> 0 | G23: L | S23: 180 | T23: =H23*$D23 -> 0 | U23: =I23*$D23 -> 0 | V23: =J23*$D23 -> 0 | W23: =K23*$D23 -> 0 | X23: =L23*$D23 -> 0 | Y23: =M23*$D23 -> 0 | Z23: =N23*$D23 -> 0 | AA23: =O23*$D23 -> 0 | ... AC23: =Q23*$D23 -> 0 | AD23: L
A24: PG6017 | B24: Side Wall Decal Large (Gen6) | D24: 20.97 | E24: =SUM(H24:Q24) -> 0 | F24: =+E24*D24 -> 0 | G24: L | S24: 45 | T24: =H24*$D24 -> 0 | U24: =I24*$D24 -> 0 | V24: =J24*$D24 -> 0 | W24: =K24*$D24 -> 0 | X24: =L24*$D24 -> 0 | Y24: =M24*$D24 -> 0 | Z24: =N24*$D24 -> 0 | AA24: =O24*$D24 -> 0 | ... AC24: =Q24*$D24 -> 0 | AD24: L
A25: PG6017-8 | B25: Side Wall Decal Small (8 ft GEN6 Container) | D25: 19.38 | E25: =SUM(H25:Q25) -> 0 | F25: =+E25*D25 -> 0 | G25: L | S25: 30 | T25: =H25*$D25 -> 0 | U25: =I25*$D25 -> 0 | V25: =J25*$D25 -> 0 | W25: =K25*$D25 -> 0 | X25: =L25*$D25 -> 0 | Y25: =M25*$D25 -> 0 | Z25: =N25*$D25 -> 0 | AA25: =O25*$D25 -> 0 | ... AC25: =Q25*$D25 -> 0 | AD25: L
A26: PG6019 | B26: Vent Assembly (Gen6) | D26: 1.05 | E26: =SUM(H26:Q26) -> 0 | F26: =SUM(E26*D26) -> 0 | G26: L | S26: 15 | T26: =SUM(H26*$D26) -> 0 | U26: =SUM(I26*$D26) -> 0 | V26: =SUM(J26*$D26) -> 0 | W26: =SUM(K26*$D26) -> 0 | X26: =SUM(L26*$D26) -> 0 | Y26: =SUM(M26*$D26) -> 0 | Z26: =SUM(N26*$D26) -> 0 | AA26: =SUM(O26*$D26) -> 0 | ... AC26: =SUM(Q26*$D26) -> 0 | AD26: L
A27: PG6020 | B27: Vent Gasket (Gen6) | D27: 0.75 | E27: =SUM(H27:Q27) -> 0 | F27: =SUM(E27*D27) -> 0 | G27: L | S27: 15 | T27: =SUM(H27*$D27) -> 0 | U27: =SUM(I27*$D27) -> 0 | V27: =SUM(J27*$D27) -> 0 | W27: =SUM(K27*$D27) -> 0 | X27: =SUM(L27*$D27) -> 0 | Y27: =SUM(M27*$D27) -> 0 | Z27: =SUM(N27*$D27) -> 0 | AA27: =SUM(O27*$D27) -> 0 | ... AC27: =SUM(Q27*$D27) -> 0 | AD27: L
A28: PG6021 | B28: T-Nut Plate for Wall Panels (Gen6) | D28: 2.1 | E28: =SUM(H28:Q28) -> 0 | F28: =+E28*D28 -> 0 | G28: L | S28: 35 | T28: =H28*$D28 -> 0 | U28: =I28*$D28 -> 0 | V28: =J28*$D28 -> 0 | W28: =K28*$D28 -> 0 | X28: =L28*$D28 -> 0 | Y28: =M28*$D28 -> 0 | Z28: =N28*$D28 -> 0 | AA28: =O28*$D28 -> 0 | ... AC28: =Q28*$D28 -> 0 | AD28: L
A29: PG6022 | B29: Intermediate Wall Post (Gen6) | D29: 32.16 | E29: =SUM(H29:Q29) -> 0 | F29: =+E29*D29 -> 0 | G29: L | S29: 20 | T29: =H29*$D29 -> 0 | U29: =I29*$D29 -> 0 | V29: =J29*$D29 -> 0 | W29: =K29*$D29 -> 0 | X29: =L29*$D29 -> 0 | Y29: =M29*$D29 -> 0 | Z29: =N29*$D29 -> 0 | AA29: =O29*$D29 -> 0 | ... AC29: =Q29*$D29 -> 0 | AD29: L
A30: PG6023 | B30: Bolt M10 x 1.50 x 16mm w/Lock Tight (Gen6) | D30: 0.18 | E30: =SUM(H30:Q30) -> 0 | F30: =+E30*D30 -> 0 | G30: L | S30: 2 | T30: =H30*$D30 -> 0 | U30: =I30*$D30 -> 0 | V30: =J30*$D30 -> 0 | W30: =K30*$D30 -> 0 | X30: =L30*$D30 -> 0 | Y30: =M30*$D30 -> 0 | Z30: =N30*$D30 -> 0 | AA30: =O30*$D30 -> 0 | ... AC30: =Q30*$D30 -> 0 | AD30: L
A31: PG6024 | B31: Bolt M10 x 1.50 x 25mm w/Lock Tight (Gen6) | D31: 0.18 | E31: =SUM(H31:Q31) -> 0 | F31: =+E31*D31 -> 0 | G31: L | S31: 2 | T31: =H31*$D31 -> 0 | U31: =I31*$D31 -> 0 | V31: =J31*$D31 -> 0 | W31: =K31*$D31 -> 0 | X31: =L31*$D31 -> 0 | Y31: =M31*$D31 -> 0 | Z31: =N31*$D31 -> 0 | AA31: =O31*$D31 -> 0 | ... AC31: =Q31*$D31 -> 0 | AD31: L
A32: PG6025 | B32: Bolt M10 x 1.50 x 150mm (Gen6) | D32: 0.6 | E32: =SUM(H32:Q32) -> 0 | F32: =+E32*D32 -> 0 | G32: L | S32: 2 | T32: =H32*$D32 -> 0 | U32: =I32*$D32 -> 0 | V32: =J32*$D32 -> 0 | W32: =K32*$D32 -> 0 | X32: =L32*$D32 -> 0 | Y32: =M32*$D32 -> 0 | Z32: =N32*$D32 -> 0 | AA32: =O32*$D32 -> 0 | ... AC32: =Q32*$D32 -> 0 | AD32: L
A33: PG6026 | B33: Flat Washer M10 for Wall Post (Gen6) | D33: 0.06 | E33: =SUM(H33:Q33) -> 0 | F33: =+E33*D33 -> 0 | G33: L | S33: 2 | T33: =H33*$D33 -> 0 | U33: =I33*$D33 -> 0 | V33: =J33*$D33 -> 0 | W33: =K33*$D33 -> 0 | X33: =L33*$D33 -> 0 | Y33: =M33*$D33 -> 0 | Z33: =N33*$D33 -> 0 | AA33: =O33*$D33 -> 0 | ... AC33: =Q33*$D33 -> 0 | AD33: L
A34: PG6027 | B34: Spring Washer M10 (Gen6) | D34: 0.81 | E34: =SUM(H34:Q34) -> 0 | F34: =+(E34*D34) -> 0 | G34: L | S34: 2 | T34: =H34*$D34 -> 0 | U34: =I34*$D34 -> 0 | V34: =J34*$D34 -> 0 | W34: =K34*$D34 -> 0 | X34: =L34*$D34 -> 0 | Y34: =M34*$D34 -> 0 | Z34: =N34*$D34 -> 0 | AA34: =O34*$D34 -> 0 | ... AC34: =Q34*$D34 -> 0 | AD34: L
A35: PG6028 | B35: D-Ring (Gen6) | D35: 1.25 | E35: =SUM(H35:Q35) -> 0 | F35: =+(E35*D35) -> 0 | G35: L | S35: 30 | T35: =H35*$D35 -> 0 | U35: =I35*$D35 -> 0 | V35: =J35*$D35 -> 0 | W35: =K35*$D35 -> 0 | X35: =L35*$D35 -> 0 | Y35: =M35*$D35 -> 0 | Z35: =N35*$D35 -> 0 | AA35: =O35*$D35 -> 0 | ... AC35: =Q35*$D35 -> 0 | AD35: L
A36: PG6029 | B36: Panel Retainer Exterior Bottom Rail Left w/Gasket (Gen6) | D36: 9.47 | E36: =SUM(H36:Q36) -> 0 | F36: =+E36*D36 -> 0 | G36: L | S36: 30 | T36: =H36*$D36 -> 0 | U36: =I36*$D36 -> 0 | V36: =J36*$D36 -> 0 | W36: =K36*$D36 -> 0 | X36: =L36*$D36 -> 0 | Y36: =M36*$D36 -> 0 | Z36: =N36*$D36 -> 0 | AA36: =O36*$D36 -> 0 | ... AC36: =Q36*$D36 -> 0 | AD36: L
A37: PG6030 | B37: Panel Retainer Exterior Bottom Rail Right w/Gasket (Gen6) | D37: 9.47 | E37: =SUM(H37:Q37) -> 0 | F37: =+E37*D37 -> 0 | G37: L | S37: 30 | T37: =H37*$D37 -> 0 | U37: =I37*$D37 -> 0 | V37: =J37*$D37 -> 0 | W37: =K37*$D37 -> 0 | X37: =L37*$D37 -> 0 | Y37: =M37*$D37 -> 0 | Z37: =N37*$D37 -> 0 | AA37: =O37*$D37 -> 0 | ... AC37: =Q37*$D37 -> 0 | AD37: L
A38: PG6031 | B38: Retainer Exterior Bottom Front Sill w/Gasket (Gen6) | D38: 2.43 | E38: =SUM(H38:Q38) -> 0 | F38: =+E38*D38 -> 0 | G38: L | S38: 30 | T38: =H38*$D38 -> 0 | U38: =I38*$D38 -> 0 | V38: =J38*$D38 -> 0 | W38: =K38*$D38 -> 0 | X38: =L38*$D38 -> 0 | Y38: =M38*$D38 -> 0 | Z38: =N38*$D38 -> 0 | AA38: =O38*$D38 -> 0 | ... AC38: =Q38*$D38 -> 0 | AD38: L
A39: PG6032 | B39: Panel Retainer Interior Top Rail Left (Gen6) | D39: 9.01 | E39: =SUM(H39:Q39) -> 0 | F39: =+E39*D39 -> 0 | G39: L | S39: 30 | T39: =H39*$D39 -> 0 | U39: =I39*$D39 -> 0 | V39: =J39*$D39 -> 0 | W39: =K39*$D39 -> 0 | X39: =L39*$D39 -> 0 | Y39: =M39*$D39 -> 0 | Z39: =N39*$D39 -> 0 | AA39: =O39*$D39 -> 0 | ... AC39: =Q39*$D39 -> 0 | AD39: L
A40: PG6033 | B40: Panel Retainer Interior Top Rail Right (Gen6) | D40: 9.01 | E40: =SUM(H40:Q40) -> 0 | F40: =+E40*D40 -> 0 | G40: L | S40: 30 | T40: =H40*$D40 -> 0 | U40: =I40*$D40 -> 0 | V40: =J40*$D40 -> 0 | W40: =K40*$D40 -> 0 | X40: =L40*$D40 -> 0 | Y40: =M40*$D40 -> 0 | Z40: =N40*$D40 -> 0 | AA40: =O40*$D40 -> 0 | ... AC40: =Q40*$D40 -> 0 | AD40: L
A41: PG6034 | B41: Panel Retainer Interior Top Rail Center (Gen6) | D41: 9.01 | E41: =SUM(H41:Q41) -> 0 | F41: =+E41*D41 -> 0 | G41: L | S41: 30 | T41: =H41*$D41 -> 0 | U41: =I41*$D41 -> 0 | V41: =J41*$D41 -> 0 | W41: =K41*$D41 -> 0 | X41: =L41*$D41 -> 0 | Y41: =M41*$D41 -> 0 | Z41: =N41*$D41 -> 0 | AA41: =O41*$D41 -> 0 | ... AC41: =Q41*$D41 -> 0 | AD41: L
A42: PG6035 | B42: Panel Retainer Interior Top Header Left (Gen6) | D42: 3.91 | E42: =SUM(H42:Q42) -> 0 | F42: =+E42*D42 -> 0 | G42: L | S42: 30 | T42: =H42*$D42 -> 0 | U42: =I42*$D42 -> 0 | V42: =J42*$D42 -> 0 | W42: =K42*$D42 -> 0 | X42: =L42*$D42 -> 0 | Y42: =M42*$D42 -> 0 | Z42: =N42*$D42 -> 0 | AA42: =O42*$D42 -> 0 | ... AC42: =Q42*$D42 -> 0 | AD42: L
A43: PG6036 | B43: Panel Retainer Interior Top Header Right (Gen6) | D43: 3.91 | E43: =SUM(H43:Q43) -> 0 | F43: =+E43*D43 -> 0 | G43: L | S43: 30 | T43: =H43*$D43 -> 0 | U43: =I43*$D43 -> 0 | V43: =J43*$D43 -> 0 | W43: =K43*$D43 -> 0 | X43: =L43*$D43 -> 0 | Y43: =M43*$D43 -> 0 | Z43: =N43*$D43 -> 0 | AA43: =O43*$D43 -> 0 | ... AC43: =Q43*$D43 -> 0 | AD43: L
A44: PG6037 | B44: Panel Retainer Interior Vertical Corners (Gen6) | D44: 4.37 | E44: =SUM(H44:Q44) -> 0 | F44: =+E44*D44 -> 0 | G44: L | S44: 30 | T44: =H44*$D44 -> 0 | U44: =I44*$D44 -> 0 | V44: =J44*$D44 -> 0 | W44: =K44*$D44 -> 0 | X44: =L44*$D44 -> 0 | Y44: =M44*$D44 -> 0 | Z44: =N44*$D44 -> 0 | AA44: =O44*$D44 -> 0 | ... AC44: =Q44*$D44 -> 0 | AD44: L
A45: PG6038 | B45: Door Bracket Left (Gen6) | D45: 4.65 | E45: =SUM(H45:Q45) -> 0 | F45: =+E45*D45 -> 0 | G45: L | S45: 30 | T45: =H45*$D45 -> 0 | U45: =I45*$D45 -> 0 | V45: =J45*$D45 -> 0 | W45: =K45*$D45 -> 0 | X45: =L45*$D45 -> 0 | Y45: =M45*$D45 -> 0 | Z45: =N45*$D45 -> 0 | AA45: =O45*$D45 -> 0 | ... AC45: =Q45*$D45 -> 0 | AD45: L
A46: PG6039 | B46: Door Bracket Right (Gen6) | D46: 4.65 | E46: =SUM(H46:Q46) -> 0 | F46: =+E46*D46 -> 0 | G46: L | S46: 30 | T46: =H46*$D46 -> 0 | U46: =I46*$D46 -> 0 | V46: =J46*$D46 -> 0 | W46: =K46*$D46 -> 0 | X46: =L46*$D46 -> 0 | Y46: =M46*$D46 -> 0 | Z46: =N46*$D46 -> 0 | AA46: =O46*$D46 -> 0 | ... AC46: =Q46*$D46 -> 0 | AD46: L
A47: PG6040 | B47: Door Track Left Complete (Gen6) | D47: 21.86 | E47: =SUM(H47:Q47) -> 0 | F47: =+E47*D47 -> 0 | G47: L | S47: 15 | T47: =H47*$D47 -> 0 | U47: =I47*$D47 -> 0 | V47: =J47*$D47 -> 0 | W47: =K47*$D47 -> 0 | X47: =L47*$D47 -> 0 | Y47: =M47*$D47 -> 0 | Z47: =N47*$D47 -> 0 | AA47: =O47*$D47 -> 0 | ... AC47: =Q47*$D47 -> 0 | AD47: L
... A55: PG6049 | B55: Door Latch Assembly (Gen6) | D55: 7.42 | E55: =SUM(H55:Q55) -> 0 | F55: =+E55*D55 -> 0 | G55: L | S55: 15 | T55: =H55*$D55 -> 0 | U55: =I55*$D55 -> 0 | V55: =J55*$D55 -> 0 | W55: =K55*$D55 -> 0 | X55: =L55*$D55 -> 0 | Y55: =M55*$D55 -> 0 | Z55: =N55*$D55 -> 0 | AA55: =O55*$D55 -> 0 | ... AC55: =Q55*$D55 -> 0 | AD55: L
A56: PG6050 | B56: Door Handle Assembly White Plastic (Gen6) | D56: 2.75 | E56: =SUM(H56:Q56)/150 -> 0 | F56: =+E56*D56 -> 0 | G56: L | S56: 15 | T56: =SUM(H56*$D56)/150 -> 0 | U56: =SUM(I56*$D56)/150 -> 0 | V56: =SUM(J56*$D56)/150 -> 0 | W56: =SUM(K56*$D56)/150 -> 0 | X56: =SUM(L56*$D56)/150 -> 0 | Y56: =SUM(M56*$D56)/150 -> 0 | Z56: =SUM(N56*$D56)/150 -> 0 | AA56: =SUM(O56*$D56)/150 -> 0 | ... AC56: =SUM(Q56*$D56)/150 -> 0 | AD56: L
A57: PG6051 | B57: Roll Door Bottom Gasket (Gen6) | D57: 2.62 | E57: =SUM(H57:Q57) -> 0 | F57: =+E57*D57 -> 0 | G57: L | S57: 20 | T57: =H57*$D57 -> 0 | U57: =I57*$D57 -> 0 | V57: =J57*$D57 -> 0 | W57: =K57*$D57 -> 0 | X57: =L57*$D57 -> 0 | Y57: =M57*$D57 -> 0 | Z57: =N57*$D57 -> 0 | AA57: =O57*$D57 -> 0 | ... AC57: =Q57*$D57 -> 0 | AD57: L
A58: PG6052 | B58: Flat Washer M6 OD18mm (Gen6) | D58: 0.06 | E58: =SUM(H58:Q58) -> 0 | F58: =+E58*D58 -> 0 | G58: L | S58: 2 | T58: =H58*$D58 -> 0 | U58: =I58*$D58 -> 0 | V58: =J58*$D58 -> 0 | W58: =K58*$D58 -> 0 | X58: =L58*$D58 -> 0 | Y58: =M58*$D58 -> 0 | Z58: =N58*$D58 -> 0 | AA58: =O58*$D58 -> 0 | ... AC58: =Q58*$D58 -> 0 | AD58: L
A59: PG6053 | B59: Door Stopper Moveable Left (Gen6) | D59: 1.1 | E59: =SUM(H59:Q59) -> 0 | F59: =+E59*D59 -> 0 | G59: L | S59: 10 | T59: =H59*$D59 -> 0 | U59: =I59*$D59 -> 0 | V59: =J59*$D59 -> 0 | W59: =K59*$D59 -> 0 | X59: =L59*$D59 -> 0 | Y59: =M59*$D59 -> 0 | Z59: =N59*$D59 -> 0 | AA59: =O59*$D59 -> 0 | ... AC59: =Q59*$D59 -> 0 | AD59: L
A60: PG6054 | B60: Door Stopper Moveable Right (Gen6) | D60: 1.1 | E60: =SUM(H60:Q60) -> 0 | F60: =+E60*D60 -> 0 | G60: L | S60: 10 | T60: =H60*$D60 -> 0 | U60: =I60*$D60 -> 0 | V60: =J60*$D60 -> 0 | W60: =K60*$D60 -> 0 | X60: =L60*$D60 -> 0 | Y60: =M60*$D60 -> 0 | Z60: =N60*$D60 -> 0 | AA60: =O60*$D60 -> 0 | ... AC60: =Q60*$D60 -> 0 | AD60: L
A61: PG6055 | B61: Door Header Aluminum (Gen6) | D61: 32.28 | E61: =SUM(H61:Q61) -> 0 | F61: =+E61*D61 -> 0 | G61: L | S61: 20 | T61: =H61*$D61 -> 0 | U61: =I61*$D61 -> 0 | V61: =J61*$D61 -> 0 | W61: =K61*$D61 -> 0 | X61: =L61*$D61 -> 0 | Y61: =M61*$D61 -> 0 | Z61: =N61*$D61 -> 0 | AA61: =O61*$D61 -> 0 | ... AC61: =Q61*$D61 -> 0 | AD61: L
A62: PG6056 | B62: Door Header Brush (Gen6) | D62: 19 | E62: =SUM(H62:Q62) -> 0 | F62: =+E62*D62 -> 0 | G62: L | S62: 20 | T62: =H62*$D62 -> 0 | U62: =I62*$D62 -> 0 | V62: =J62*$D62 -> 0 | W62: =K62*$D62 -> 0 | X62: =L62*$D62 -> 0 | Y62: =M62*$D62 -> 0 | Z62: =N62*$D62 -> 0 | AA62: =O62*$D62 -> 0 | ... AC62: =Q62*$D62 -> 0 | AD62: L
A63: PG6057 | B63: Door Bottom Edge Alum Angle Long (Gen6) | D63: 12.87 | E63: =SUM(H63:Q63) -> 0 | F63: =+E63*D63 -> 0 | G63: L | S63: 15 | T63: =H63*$D63 -> 0 | U63: =I63*$D63 -> 0 | V63: =J63*$D63 -> 0 | W63: =K63*$D63 -> 0 | X63: =L63*$D63 -> 0 | Y63: =M63*$D63 -> 0 | Z63: =N63*$D63 -> 0 | AA63: =O63*$D63 -> 0 | ... AC63: =Q63*$D63 -> 0 | AD63: L
A64: PG6066 | B64: GEN6 Corner Skid Pad (Right Side) | D64: 8.02 | E64: =SUM(H64:Q64) -> 0 | F64: =+E64*D64 -> 0 | G64: L | S64: 5 | T64: =H64*$D64 -> 0 | U64: =I64*$D64 -> 0 | V64: =J64*$D64 -> 0 | W64: =K64*$D64 -> 0 | X64: =L64*$D64 -> 0 | Y64: =M64*$D64 -> 0 | Z64: =N64*$D64 -> 0 | AA64: =O64*$D64 -> 0 | ... AC64: =Q64*$D64 -> 0 | AD64: L
A65: PG6067 | B65: GEN6 Corner Skid Pad (Left Side) | D65: 8.02 | E65: =SUM(H65:Q65) -> 0 | F65: =SUM(E65*D65) -> 0 | G65: L | S65: 5 | T65: =SUM(H65*$D65) -> 0 | U65: =SUM(I65*$D65) -> 0 | V65: =SUM(J65*$D65) -> 0 | W65: =SUM(K65*$D65) -> 0 | X65: =SUM(L65*$D65) -> 0 | Y65: =SUM(M65*$D65) -> 0 | Z65: =SUM(N65*$D65) -> 0 | AA65: =SUM(O65*$D65) -> 0 | ... AC65: =SUM(Q65*$D65) -> 0 | AD65: L
A66: PG6080 | B66: French Language Decal Overlay 9 X 93.5 (Gen6) | D66: 14.28 | E66: =SUM(H66:Q66) -> 0 | F66: =SUM(E66*D66) -> 0 | G66: L | S66: 45 | T66: =SUM(H66*$D66) -> 0 | U66: =SUM(I66*$D66) -> 0 | V66: =SUM(J66*$D66) -> 0 | W66: =SUM(K66*$D66) -> 0 | X66: =SUM(L66*$D66) -> 0 | Y66: =SUM(M66*$D66) -> 0 | Z66: =SUM(N66*$D66) -> 0 | AA66: =SUM(O66*$D66) -> 0 | ... AC66: =SUM(Q66*$D66) -> 0 | AD66: L
A67: PG6081 | B67: M10*22 Hex Socket Bolt (Gen6) | D67: 0.12 | E67: =SUM(H67:Q67) -> 0 | F67: =+E67*D67 -> 0 | G67: L | S67: 2 | T67: =H67*$D67 -> 0 | U67: =I67*$D67 -> 0 | V67: =J67*$D67 -> 0 | W67: =K67*$D67 -> 0 | X67: =L67*$D67 -> 0 | Y67: =M67*$D67 -> 0 | Z67: =N67*$D67 -> 0 | AA67: =O67*$D67 -> 0 | ... AC67: =Q67*$D67 -> 0 | AD67: L
A68: PG6082 | B68: M10 Hex Locknut w Flange (Gen6) | D68: 0.1 | E68: =SUM(H68:Q68) -> 0 | F68: =+E68*D68 -> 0 | G68: L | S68: 2 | T68: =H68*$D68 -> 0 | U68: =I68*$D68 -> 0 | V68: =J68*$D68 -> 0 | W68: =K68*$D68 -> 0 | X68: =L68*$D68 -> 0 | Y68: =M68*$D68 -> 0 | Z68: =N68*$D68 -> 0 | AA68: =O68*$D68 -> 0 | ... AC68: =Q68*$D68 -> 0 | AD68: L
A69: PG6083 | B69: PVC Washer OD12*ID6.5X6.5 (Gen6) | D69: 1 | E69: =SUM(H69:Q69) -> 0 | F69: =+E69*D69 -> 0 | G69: L | S69: 3 | T69: =H69*$D69 -> 0 | U69: =I69*$D69 -> 0 | V69: =J69*$D69 -> 0 | W69: =K69*$D69 -> 0 | X69: =L69*$D69 -> 0 | Y69: =M69*$D69 -> 0 | Z69: =N69*$D69 -> 0 | AA69: =O69*$D69 -> 0 | ... AC69: =Q69*$D69 -> 0 | AD69: L
A70: PG6084 | B70: Rivet 6.4*16x1/4" Button Head (Gen6) | D70: 0.07 | E70: =SUM(H70:Q70) -> 0 | F70: =+E70*D70 -> 0 | G70: L | S70: 5 | T70: =H70*$D70 -> 0 | U70: =I70*$D70 -> 0 | V70: =J70*$D70 -> 0 | W70: =K70*$D70 -> 0 | X70: =L70*$D70 -> 0 | Y70: =M70*$D70 -> 0 | Z70: =N70*$D70 -> 0 | AA70: =O70*$D70 -> 0 | ... AC70: =Q70*$D70 -> 0 | AD70: L
A71: PG6085 | B71: M12*15 Plastic Screw Bolt (Gen6) | D71: 0.07 | E71: =SUM(H71:Q71) -> 0 | F71: =+E71*D71 -> 0 | G71: L | S71: 2 | T71: =H71*$D71 -> 0 | U71: =I71*$D71 -> 0 | V71: =J71*$D71 -> 0 | W71: =K71*$D71 -> 0 | X71: =L71*$D71 -> 0 | Y71: =M71*$D71 -> 0 | Z71: =N71*$D71 -> 0 | AA71: =O71*$D71 -> 0 | ... AC71: =Q71*$D71 -> 0 | AD71: L
A72: PG6094 | B72: Hinge Pin for (S D GEN6) | D72: 0.45 | E72: =SUM(H72:Q72) -> 0 | F72: =+E72*D72 -> 0 | G72: L | S72: 15 | T72: =H72*$D72 -> 0 | U72: =I72*$D72 -> 0 | V72: =J72*$D72 -> 0 | W72: =K72*$D72 -> 0 | X72: =L72*$D72 -> 0 | Y72: =M72*$D72 -> 0 | Z72: =N72*$D72 -> 0 | AA72: =O72*$D72 -> 0 | ... AC72: =Q72*$D72 -> 0 | AD72: L
A73: PG6095 | B73: Flat washer M12 (Gen6) | D73: 0.08 | E73: =SUM(H73:Q73) -> 0 | F73: =+E73*D73 -> 0 | G73: L | S73: 2 | T73: =H73*$D73 -> 0 | U73: =I73*$D73 -> 0 | V73: =J73*$D73 -> 0 | W73: =K73*$D73 -> 0 | X73: =L73*$D73 -> 0 | Y73: =M73*$D73 -> 0 | Z73: =N73*$D73 -> 0 | AA73: =O73*$D73 -> 0 | ... AC73: =Q73*$D73 -> 0 | AD73: L
A74: PG6096 | B74: Bolt for Roll Door Axle (Gen6) | D74: 0.09 | E74: =SUM(H74:Q74) -> 0 | F74: =+E74*D74 -> 0 | G74: L | S74: 3 | T74: =H74*$D74 -> 0 | U74: =I74*$D74 -> 0 | V74: =J74*$D74 -> 0 | W74: =K74*$D74 -> 0 | X74: =L74*$D74 -> 0 | Y74: =M74*$D74 -> 0 | Z74: =N74*$D74 -> 0 | AA74: =O74*$D74 -> 0 | ... AC74: =Q74*$D74 -> 0 | AD74: L
A75: PG6097 | B75: Lock Nut for Roll Door Axle (Gen6) | D75: 0.12 | E75: =SUM(H75:Q75) -> 0 | F75: =+E75*D75 -> 0 | G75: L | S75: 2 | T75: =H75*$D75 -> 0 | U75: =I75*$D75 -> 0 | V75: =J75*$D75 -> 0 | W75: =K75*$D75 -> 0 | X75: =L75*$D75 -> 0 | Y75: =M75*$D75 -> 0 | Z75: =N75*$D75 -> 0 | AA75: =O75*$D75 -> 0 | ... AC75: =Q75*$D75 -> 0 | AD75: L
A76: PPA401 | B76: Paint - Hemple Primer & Hardener (Gen 6) | D76: 75.6 | E76: =SUM(H76:Q76) -> 0 | F76: =SUM(E76)*(D76/150) -> 0 | G76: L | S76: 60 | T76: =H76*($D76/150) -> 0 | U76: =I76*($D76/150) -> 0 | V76: =J76*($D76/150) -> 0 | W76: =K76*($D76/150) -> 0 | X76: =L76*($D76/150) -> 0 | Y76: =M76*($D76/150) -> 0 | Z76: =N76*($D76/150) -> 0 | AA76: =O76*($D76/150) -> 0 | ... AC76: =Q76*($D76/150) -> 0 | AD76: L
A77: PSI101 | B77: Decal, Lift | D77: 0.24 | E77: =SUM(H77:Q77) -> 0 | F77: =+E77*D77 -> 0 | G77: L | S77: 15 | T77: =H77*$D77 -> 0 | U77: =I77*$D77 -> 0 | V77: =J77*$D77 -> 0 | W77: =K77*$D77 -> 0 | X77: =L77*$D77 -> 0 | Y77: =M77*$D77 -> 0 | Z77: =N77*$D77 -> 0 | AA77: =O77*$D77 -> 0 | ... AC77: =Q77*$D77 -> 0 | AD77: L
A78: PTA201X | B78: Tape, reflective-gray (Enter qty. by the foot) | D78: 1.02 | E78: =SUM(H78:Q78) -> 0 | F78: =+E78*D78 -> 0 | G78: L | S78: 15 max | T78: =H78*$D78 -> 0 | U78: =I78*$D78 -> 0 | V78: =J78*$D78 -> 0 | W78: =K78*$D78 -> 0 | X78: =L78*$D78 -> 0 | Y78: =M78*$D78 -> 0 | Z78: =N78*$D78 -> 0 | AA78: =O78*$D78 -> 0 | ... AC78: =Q78*$D78 -> 0 | AD78: L
A79: PTA202X | B79: Tape, reflective-red (Enter qty. by the foot) | D79: 1.02 | E79: =SUM(H79:Q79) -> 0 | F79: =+E79*D79 -> 0 | G79: L | S79: 15 max | T79: =H79*$D79 -> 0 | U79: =I79*$D79 -> 0 | V79: =J79*$D79 -> 0 | W79: =K79*$D79 -> 0 | X79: =L79*$D79 -> 0 | Y79: =M79*$D79 -> 0 | Z79: =N79*$D79 -> 0 | AA79: =O79*$D79 -> 0 | ... AC79: =Q79*$D79 -> 0 | AD79: L
A80: PWD700 | B80: Fiberglass Quick Patch Small 3"x 6" (UV Activated) | D80: 12.48 | E80: =SUM(H80:Q80) -> 0 | F80: =+E80*D80 -> 0 | G80: L | S80: 15 | T80: =H80*$D80 -> 0 | U80: =I80*$D80 -> 0 | V80: =J80*$D80 -> 0 | W80: =K80*$D80 -> 0 | X80: =L80*$D80 -> 0 | Y80: =M80*$D80 -> 0 | Z80: =N80*$D80 -> 0 | AA80: =O80*$D80 -> 0 | ... AC80: =Q80*$D80 -> 0 | AD80: L
A81: PWD701 | B81: Fiberglass Quick Patch Medium 6"x 9" (UV Activated) | D81: 37.28 | E81: =SUM(H81:Q81) -> 0 | F81: =+E81*D81 -> 0 | G81: L | S81: 15 | T81: =H81*$D81 -> 0 | U81: =I81*$D81 -> 0 | V81: =J81*$D81 -> 0 | W81: =K81*$D81 -> 0 | X81: =L81*$D81 -> 0 | Y81: =M81*$D81 -> 0 | Z81: =N81*$D81 -> 0 | AA81: =O81*$D81 -> 0 | ... AC81: =Q81*$D81 -> 0 | AD81: L
A83: Items Above Red Line are Classified as Light Repairs and CAN BE Performed without a PO. All Work Must be Submitted within 30 days of Completion to be Eligible for Compensation
A86: Items Below Red Line are Classified as Heavy Repairs and Require a PO Prior to Completion of Repair. Any Reimbursement Requests for Heavy Repairs WITHOUT a PO WILL NOT Be Paid
A88: PG6003 | B88: Plywood Floor Ends (Gen6) | D88: 37.55 | E88: =SUM(H88:Q88) -> 0 | F88: =+E88*D88 -> 0 | G88: H | S88: 75 | T88: =H88*$D88 -> 0 | U88: =I88*$D88 -> 0 | V88: =J88*$D88 -> 0 | W88: =K88*$D88 -> 0 | X88: =L88*$D88 -> 0 | Y88: =M88*$D88 -> 0 | Z88: =N88*$D88 -> 0 | AA88: =O88*$D88 -> 0 | ... AC88: =Q88*$D88 -> 0 | AD88: H
A89: PG6004 | B89: Plywood Floor Middle (Gen6) | D89: 43 | E89: =SUM(H89:Q89) -> 0 | F89: =+E89*D89 -> 0 | G89: H | S89: 75 | T89: =H89*$D89 -> 0 | U89: =I89*$D89 -> 0 | V89: =J89*$D89 -> 0 | W89: =K89*$D89 -> 0 | X89: =L89*$D89 -> 0 | Y89: =M89*$D89 -> 0 | Z89: =N89*$D89 -> 0 | AA89: =O89*$D89 -> 0 | ... AC89: =Q89*$D89 -> 0 | AD89: H
A90: PG6006 | B90: Corner Post Front C/S Complete (Gen6) | D90: 71.97 | E90: =SUM(H90:Q90) -> 0 | F90: =+E90*D90 -> 0 | G90: H | S90: 120 | T90: =H90*$D90 -> 0 | U90: =I90*$D90 -> 0 | V90: =J90*$D90 -> 0 | W90: =K90*$D90 -> 0 | X90: =L90*$D90 -> 0 | Y90: =M90*$D90 -> 0 | Z90: =N90*$D90 -> 0 | AA90: =O90*$D90 -> 0 | ... AC90: =Q90*$D90 -> 0 | AD90: H
A91: PG6007 | B91: Corner Post Front R/S Complete (Gen6) | D91: 71.97 | E91: =SUM(H91:Q91) -> 0 | F91: =+E91*D91 -> 0 | G91: H | S91: 120 | T91: =H91*$D91 -> 0 | U91: =I91*$D91 -> 0 | V91: =J91*$D91 -> 0 | W91: =K91*$D91 -> 0 | X91: =L91*$D91 -> 0 | Y91: =M91*$D91 -> 0 | Z91: =N91*$D91 -> 0 | AA91: =O91*$D91 -> 0 | ... AC91: =Q91*$D91 -> 0 | AD91: H
A92: PG6008 | B92: Corner Post Rear C/S Complete (Gen6) | D92: 76.88 | E92: =SUM(H92:Q92) -> 0 | F92: =+E92*D92 -> 0 | G92: H | S92: 120 | T92: =H92*$D92 -> 0 | U92: =I92*$D92 -> 0 | V92: =J92*$D92 -> 0 | W92: =K92*$D92 -> 0 | X92: =L92*$D92 -> 0 | Y92: =M92*$D92 -> 0 | Z92: =N92*$D92 -> 0 | AA92: =O92*$D92 -> 0 | ... AC92: =Q92*$D92 -> 0 | AD92: H
A93: PG6009 | B93: Corner Post Rear R/S Complete (Gen6) | D93: 76.88 | E93: =SUM(H93:Q93) -> 0 | F93: =+E93*D93 -> 0 | G93: H | S93: 120 | T93: =H93*$D93 -> 0 | U93: =I93*$D93 -> 0 | V93: =J93*$D93 -> 0 | W93: =K93*$D93 -> 0 | X93: =L93*$D93 -> 0 | Y93: =M93*$D93 -> 0 | Z93: =N93*$D93 -> 0 | AA93: =O93*$D93 -> 0 | ... AC93: =Q93*$D93 -> 0 | AD93: H
A94: PG6016L | B94: Side Wall, Honeycomb w/Decal C/S (Gen6) | D94: 395.17 | E94: =SUM(H94:Q94) -> 0 | F94: =+E94*D94 -> 0 | G94: H | S94: 180 | T94: =H94*$D94 -> 0 | U94: =I94*$D94 -> 0 | V94: =J94*$D94 -> 0 | W94: =K94*$D94 -> 0 | X94: =L94*$D94 -> 0 | Y94: =M94*$D94 -> 0 | Z94: =N94*$D94 -> 0 | AA94: =O94*$D94 -> 0 | ... AC94: =Q94*$D94 -> 0 | AD94: H
A95: PG6016R | B95: Side Wall, Honeycomb w/Decal R/S (Gen6) | D95: 395.17 | E95: =SUM(H95:Q95) -> 0 | F95: =+E95*D95 -> 0 | G95: H | S95: 180 | T95: =H95*$D95 -> 0 | U95: =I95*$D95 -> 0 | V95: =J95*$D95 -> 0 | W95: =K95*$D95 -> 0 | X95: =L95*$D95 -> 0 | Y95: =M95*$D95 -> 0 | Z95: =N95*$D95 -> 0 | AA95: =O95*$D95 -> 0 | ... AC95: =Q95*$D95 -> 0 | AD95: H
A96: PG6018 | B96: Front Wall Panel w/Vents (Gen6) | D96: 172.65 | E96: =SUM(H96:Q96) -> 0 | F96: =+E96*D96 -> 0 | G96: H | S96: 150 | T96: =H96*$D96 -> 0 | U96: =I96*$D96 -> 0 | V96: =J96*$D96 -> 0 | W96: =K96*$D96 -> 0 | X96: =L96*$D96 -> 0 | Y96: =M96*$D96 -> 0 | Z96: =N96*$D96 -> 0 | AA96: =O96*$D96 -> 0 | ... AC96: =Q96*$D96 -> 0 | AD96: H
A97: PG6098 | B97: Roll Up Door Assembly (Gen6) | D97: 183.13 | E97: =SUM(H97:Q97) -> 0 | F97: =+E97*D97 -> 0 | G97: H | S97: 60 | T97: =H97*$D97 -> 0 | U97: =I97*$D97 -> 0 | V97: =J97*$D97 -> 0 | W97: =K97*$D97 -> 0 | X97: =L97*$D97 -> 0 | Y97: =M97*$D97 -> 0 | Z97: =N97*$D97 -> 0 | AA97: =O97*$D97 -> 0 | ... AC97: =Q97*$D97 -> 0 | AD97: H
A98: Misc. | B98: (Type in part description here) | E98: =SUM(H98:Q98) -> 0 | F98: =+E98*D98 -> 0 | G98: H | S98: Enter Manually | T98: =H98*$D98 -> 0 | U98: =I98*$D98 -> 0 | V98: =J98*$D98 -> 0 | W98: =K98*$D98 -> 0 | X98: =L98*$D98 -> 0 | Y98: =M98*$D98 -> 0 | Z98: =N98*$D98 -> 0 | AA98: =O98*$D98 -> 0 | ... AC98: =Q98*$D98 -> 0 | AD98: H
A99: Total Parts and Freight | F99: =(SUM(F88:F98))+(SUM(F11:F81)) -> 0 | H99: =T99 -> 0 | I99: =U99 -> 0 | J99: =V99 -> 0 | K99: =W99 -> 0 | L99: =X99 -> 0 | M99: =Y99 -> 0 | N99: =Z99 -> 0 | O99: =AA99 -> 0 | ... Q99: =AC99 -> 0 | T99: =SUM(T11:T98) -> 0 | U99: =SUM(U11:U98) -> 0 | V99: =SUM(V11:V98) -> 0 | W99: =SUM(W11:W98) -> 0 | X99: =SUM(X11:X98) -> 0 | Y99: =SUM(Y11:Y98) -> 0 | Z99: =SUM(Z11:Z98) -> 0 | AA99: =SUM(AA11:AA98) -> 0 | ... AC99: =SUM(AC11:AC98) -> 0
A101: Labor Man-Hours | B101: Labor Description | D101: X$35.00/ hour | E101: Total Quantity | F101: Total Cost | H101: Quantity / Container | I101: Quantity / Container | J101: Quantity / Container | K101: Quantity / Container | L101: Quantity / Container | M101: Quantity / Container | N101: Quantity / Container | O101: Quantity / Container | P101: Quantity / Container | Q101: Quantity / Container
A102: Light Labor | B102: Light Labor at .016/hour or 1 mins (Gen6) | D102: =0.016*35 -> 0.56 | E102: =SUM(H102:Q102) -> 0 | F102: =SUM(E102*D102) -> 0 | G102: L | H102: =+H54 -> 0 | I102: =+I54 -> 0 | J102: =+J54 -> 0 | K102: =+K54 -> 0 | L102: =+L54 -> 0 | M102: =+M54 -> 0 | N102: =+N54 -> 0 | O102: =+O54 -> 0 | ... Q102: =+Q54 -> 0 | T102: =SUM(H102*$D102) -> 0 | U102: =SUM(I102*$D102) -> 0 | V102: =SUM(J102*$D102) -> 0 | W102: =SUM(K102*$D102) -> 0 | X102: =SUM(L102*$D102) -> 0 | Y102: =SUM(M102*$D102) -> 0 | Z102: =SUM(N102*$D102) -> 0 | AA102: =SUM(O102*$D102) -> 0 | ... AC102: =SUM(Q102*$D102) -> 0 | AD102: L
A103: Light Labor | B103: Light Labor at .03/hour or 2 mins (Gen6) | D103: =0.03*35 -> 1.05 | E103: =SUM(H103:Q103) -> 0 | F103: =SUM(E103*D103) -> 0 | H103: =+H21+H22+H30+H31+H32+H33+H34+H53+H58+H67+H68+H71+H73+H75 -> 0 | I103: =+I21+I22+I30+I31+I32+I33+I34+I53+I58+I67+I68+I71+I73+I75 -> 0 | J103: =+J21+J22+J30+J31+J32+J33+J34+J53+J58+J67+J68+J71+J73+J75 -> 0 | K103: =+K21+K22+K30+K31+K32+K33+K34+K53+K58+K67+K68+K71+K73+K75 -> 0 | L103: =+L21+L22+L30+L31+L32+L33+L34+L53+L58+L67+L68+L71+L73+L75 -> 0 | M103: =+M21+M22+M30+M31+M32+M33+M34+M53+M58+M67+M68+M71+M73+M75 -> 0 | N103: =+N21+N22+N30+N31+N32+N33+N34+N53+N58+N67+N68+N71+N73+N75 -> 0 | O103: =+O21+O22+O30+O31+O32+O33+O34+O53+O58+O67+O68+O71+O73+O75 -> 0 | ... Q103: =+Q21+Q22+Q30+Q31+Q32+Q33+Q34+Q53+Q58+Q67+Q68+Q71+Q73+Q75 -> 0 | T103: =SUM(H103*$D103) -> 0 | U103: =SUM(I103*$D103) -> 0 | V103: =SUM(J103*$D103) -> 0 | W103: =SUM(K103*$D103) -> 0 | X103: =SUM(L103*$D103) -> 0 | Y103: =SUM(M103*$D103) -> 0 | Z103: =SUM(N103*$D103) -> 0 | AA103: =SUM(O103*$D103) -> 0 | ... AC103: =SUM(Q103*$D103) -> 0 | AD103: L
A104: Light Labor | B104: Light Labor at .05/hour or 3 mins (Gen6) | D104: =0.05*35 -> 1.75 | E104: =SUM(H104:Q104) -> 0 | F104: =SUM(E104*D104) -> 0 | H104: =+H15+H16+H69+H74 -> 0 | I104: =+I15+I16+I69+I74 -> 0 | J104: =+J15+J16+J69+J74 -> 0 | K104: =+K15+K16+K69+K74 -> 0 | L104: =+L15+L16+L69+L74 -> 0 | M104: =+M15+M16+M69+M74 -> 0 | N104: =+N15+N16+N69+N74 -> 0 | O104: =+O15+O16+O69+O74 -> 0 | ... Q104: =+Q15+Q16+Q69+Q74 -> 0 | T104: =SUM(H104*$D104) -> 0 | U104: =SUM(I104*$D104) -> 0 | V104: =SUM(J104*$D104) -> 0 | W104: =SUM(K104*$D104) -> 0 | X104: =SUM(L104*$D104) -> 0 | Y104: =SUM(M104*$D104) -> 0 | Z104: =SUM(N104*$D104) -> 0 | AA104: =SUM(O104*$D104) -> 0 | ... AC104: =SUM(Q104*$D104) -> 0 | AD104: L
A105: Light Labor | B105: Light Labor at .08/hour or 5 mins (Gen6) | D105: =0.08*35 -> 2.8 | E105: =SUM(H105:Q105) -> 0 | F105: =SUM(E105*D105) -> 0 | H105: =+H13+H14+H64+H65+H70 -> 0 | I105: =+I13+I14+I64+I65+I70 -> 0 | J105: =+J13+J14+J64+J65+J70 -> 0 | K105: =+K13+K14+K64+K65+K70 -> 0 | L105: =+L13+L14+L64+L65+L70 -> 0 | M105: =+M13+M14+M64+M65+M70 -> 0 | N105: =+N13+N14+N64+N65+N70 -> 0 | O105: =+O13+O14+O64+O65+O70 -> 0 | ... Q105: =+Q13+Q14+Q64+Q65+Q70 -> 0 | T105: =SUM(H105*$D105) -> 0 | U105: =SUM(I105*$D105) -> 0 | V105: =SUM(J105*$D105) -> 0 | W105: =SUM(K105*$D105) -> 0 | X105: =SUM(L105*$D105) -> 0 | Y105: =SUM(M105*$D105) -> 0 | Z105: =SUM(N105*$D105) -> 0 | AA105: =SUM(O105*$D105) -> 0 | ... AC105: =SUM(Q105*$D105) -> 0 | AD105: L
A106: Light Labor | B106: Light Labor at .16/hour or 10 mins (Gen6) | D106: =0.16*35 -> 5.6 | E106: =SUM(H106:Q106) -> 0 | F106: =SUM(E106*D106) -> 0 | H106: =+H59+H60 -> 0 | I106: =+I59+I60 -> 0 | J106: =+J59+J60 -> 0 | K106: =+K59+K60 -> 0 | L106: =+L59+L60 -> 0 | M106: =+M59+M60 -> 0 | N106: =+N59+N60 -> 0 | O106: =+O59+O60 -> 0 | ... Q106: =+Q59+Q60 -> 0 | T106: =SUM(H106*$D106) -> 0 | U106: =SUM(I106*$D106) -> 0 | V106: =SUM(J106*$D106) -> 0 | W106: =SUM(K106*$D106) -> 0 | X106: =SUM(L106*$D106) -> 0 | Y106: =SUM(M106*$D106) -> 0 | Z106: =SUM(N106*$D106) -> 0 | AA106: =SUM(O106*$D106) -> 0 | ... AC106: =SUM(Q106*$D106) -> 0 | AD106: L
A107: Light Labor | B107: Light Labor at .25/hour or 15 mins (Gen6) | D107: =0.25*35 -> 8.75 | E107: =SUM(H107:Q107) -> 0 | F107: =SUM(E107*D107) -> 0 | H107: =+H12+H26+H27+H47+H48+H49+H50+H51+H52+H55+H56+H63+H72+H77+H80+H81+IF((H78+H79)>=1,1,0) -> 0 | I107: =+I12+I26+I27+I47+I48+I49+I50+I51+I52+I55+I56+I63+I72+I77+I80+I81+IF((I78+I79)>=1,1,0) -> 0 | J107: =+J12+J26+J27+J47+J48+J49+J50+J51+J52+J55+J56+J63+J72+J77+J80+J81+IF((J78+J79)>=1,1,0) -> 0 | K107: =+K12+K26+K27+K47+K48+K49+K50+K51+K52+K55+K56+K63+K72+K77+K80+K81+IF((K78+K79)>=1,1,0) -> 0 | L107: =+L12+L26+L27+L47+L48+L49+L50+L51+L52+L55+L56+L63+L72+L77+L80+L81+IF((L78+L79)>=1,1,0) -> 0 | M107: =+M12+M26+M27+M47+M48+M49+M50+M51+M52+M55+M56+M63+M72+M77+M80+M81+IF((M78+M79)>=1,1,0) -> 0 | N107: =+N12+N26+N27+N47+N48+N49+N50+N51+N52+N55+N56+N63+N72+N77+N80+N81+IF((N78+N79)>=1,1,0) -> 0 | O107: =+O12+O26+O27+O47+O48+O49+O50+O51+O52+O55+O56+O63+O72+O77+O80+O81+IF((O78+O79)>=1,1,0) -> 0 | ... Q107: =+Q12+Q26+Q27+Q47+Q48+Q49+Q50+Q51+Q52+Q55+Q56+Q63+Q72+Q77+Q80+Q81+IF((Q78+Q79)>=1,1,0) -> 0 | T107: =SUM(H107*$D107) -> 0 | U107: =SUM(I107*$D107) -> 0 | V107: =SUM(J107*$D107) -> 0 | W107: =SUM(K107*$D107) -> 0 | X107: =SUM(L107*$D107) -> 0 | Y107: =SUM(M107*$D107) -> 0 | Z107: =SUM(N107*$D107) -> 0 | AA107: =SUM(O107*$D107) -> 0 | ... AC107: =SUM(Q107*$D107) -> 0 | AD107: L
A108: Light Labor | B108: Light Labor at .33/hour or 20 mins (Gen6) | D108: =0.33*35 -> 11.55 | E108: =SUM(H108:Q108) -> 0 | F108: =SUM(E108*D108) -> 0 | H108: =+H29+H57+H61+H62 -> 0 | I108: =+I29+I57+I61+I62 -> 0 | J108: =+J29+J57+J61+J62 -> 0 | K108: =+K29+K57+K61+K62 -> 0 | L108: =+L29+L57+L61+L62 -> 0 | M108: =+M29+M57+M61+M62 -> 0 | N108: =+N29+N57+N61+N62 -> 0 | O108: =+O29+O57+O61+O62 -> 0 | ... Q108: =+Q29+Q57+Q61+Q62 -> 0 | T108: =SUM(H108*$D108) -> 0 | U108: =SUM(I108*$D108) -> 0 | V108: =SUM(J108*$D108) -> 0 | W108: =SUM(K108*$D108) -> 0 | X108: =SUM(L108*$D108) -> 0 | Y108: =SUM(M108*$D108) -> 0 | Z108: =SUM(N108*$D108) -> 0 | AA108: =SUM(O108*$D108) -> 0 | ... AC108: =SUM(Q108*$D108) -> 0 | AD108: L
A109: Light Labor | B109: Light Labor at .50/hour or 30 mins (Gen6) | D109: =0.5*35 -> 17.5 | E109: =SUM(H109:Q109) -> 0 | F109: =SUM(E109*D109) -> 0 | G109: L | H109: =+H25+H35+H36+H37+H38+H39+H40+H41+H42+H43+H44+H45+H46 -> 0 | I109: =+I25+I35+I36+I37+I38+I39+I40+I41+I42+I43+I44+I45+I46 -> 0 | J109: =+J25+J35+J36+J37+J38+J39+J40+J41+J42+J43+J44+J45+J46 -> 0 | K109: =+K25+K35+K36+K37+K38+K39+K40+K41+K42+K43+K44+K45+K46 -> 0 | L109: =+L25+L35+L36+L37+L38+L39+L40+L41+L42+L43+L44+L45+L46 -> 0 | M109: =+M25+M35+M36+M37+M38+M39+M40+M41+M42+M43+M44+M45+M46 -> 0 | N109: =+N25+N35+N36+N37+N38+N39+N40+N41+N42+N43+N44+N45+N46 -> 0 | O109: =+O25+O35+O36+O37+O38+O39+O40+O41+O42+O43+O44+O45+O46 -> 0 | ... Q109: =+Q25+Q35+Q36+Q37+Q38+Q39+Q40+Q41+Q42+Q43+Q44+Q45+Q46 -> 0 | T109: =SUM(H109*$D109) -> 0 | U109: =SUM(I109*$D109) -> 0 | V109: =SUM(J109*$D109) -> 0 | W109: =SUM(K109*$D109) -> 0 | X109: =SUM(L109*$D109) -> 0 | Y109: =SUM(M109*$D109) -> 0 | Z109: =SUM(N109*$D109) -> 0 | AA109: =SUM(O109*$D109) -> 0 | ... AC109: =SUM(Q109*$D109) -> 0 | AD109: L
A110: Light Labor | B110: Light Labor at .58/hour or 35 mins (Gen6) | D110: =0.58*35 -> 20.3 | E110: =SUM(H110:Q110) -> 0 | F110: =SUM(E110*D110) -> 0 | G110: L | H110: =+H28 -> 0 | I110: =+I28 -> 0 | J110: =+J28 -> 0 | K110: =+K28 -> 0 | L110: =+L28 -> 0 | M110: =+M28 -> 0 | N110: =+N28 -> 0 | O110: =+O28 -> 0 | ... Q110: =+Q28 -> 0 | T110: =SUM(H110*$D110) -> 0 | U110: =SUM(I110*$D110) -> 0 | V110: =SUM(J110*$D110) -> 0 | W110: =SUM(K110*$D110) -> 0 | X110: =SUM(L110*$D110) -> 0 | Y110: =SUM(M110*$D110) -> 0 | Z110: =SUM(N110*$D110) -> 0 | AA110: =SUM(O110*$D110) -> 0 | ... AC110: =SUM(Q110*$D110) -> 0 | AD110: L
A111: Light Labor | B111: Light Labor at .75/hour or 45 mins (Gen6) | D111: =0.75*35 -> 26.25 | E111: =SUM(H111:Q111) -> 0 | F111: =SUM(E111*D111) -> 0 | G111: H | H111: =+H24+H66 -> 0 | I111: =+I24+I66 -> 0 | J111: =+J24+J66 -> 0 | K111: =+K24+K66 -> 0 | L111: =+L24+L66 -> 0 | M111: =+M24+M66 -> 0 | N111: =+N24+N66 -> 0 | O111: =+O24+O66 -> 0 | ... Q111: =+Q24+Q66 -> 0 | T111: =SUM(H111*$D111) -> 0 | U111: =SUM(I111*$D111) -> 0 | V111: =SUM(J111*$D111) -> 0 | W111: =SUM(K111*$D111) -> 0 | X111: =SUM(L111*$D111) -> 0 | Y111: =SUM(M111*$D111) -> 0 | Z111: =SUM(N111*$D111) -> 0 | AA111: =SUM(O111*$D111) -> 0 | ... AC111: =SUM(Q111*$D111) -> 0 | AD111: L
A112: Light Labor | B112: Light Labor at 2.0/hour or 120 mins (Gen6) | D112: =2*35 -> 70 | E112: =SUM(H112:Q112) -> 0 | F112: =SUM(E112*D112) -> 0 | G112: L | H112: =+H17+H18+H19+H20 -> 0 | I112: =+I17+I18+I19+I20 -> 0 | J112: =+J17+J18+J19+J20 -> 0 | K112: =+K17+K18+K19+K20 -> 0 | L112: =+L17+L18+L19+L20 -> 0 | M112: =+M17+M18+M19+M20 -> 0 | N112: =+N17+N18+N19+N20 -> 0 | O112: =+O17+O18+O19+O20 -> 0 | ... Q112: =+Q17+Q18+Q19+Q20 -> 0 | T112: =SUM(H112*$D112) -> 0 | U112: =SUM(I112*$D112) -> 0 | V112: =SUM(J112*$D112) -> 0 | W112: =SUM(K112*$D112) -> 0 | X112: =SUM(L112*$D112) -> 0 | Y112: =SUM(M112*$D112) -> 0 | Z112: =SUM(N112*$D112) -> 0 | AA112: =SUM(O112*$D112) -> 0 | ... AC112: =SUM(Q112*$D112) -> 0 | AD112: L
A113: Light Labor | B113: Light Labor at 3.0/hour or 180 mins (Gen6) | D113: =3*35 -> 105 | E113: =SUM(H113:Q113) -> 0 | F113: =SUM(E113*D113) -> 0 | G113: H | H113: =+H23 -> 0 | I113: =+I23 -> 0 | J113: =+J23 -> 0 | K113: =+K23 -> 0 | L113: =+L23 -> 0 | M113: =+M23 -> 0 | N113: =+N23 -> 0 | O113: =+O23 -> 0 | ... Q113: =+Q23 -> 0 | T113: =SUM(H113*$D113) -> 0 | U113: =SUM(I113*$D113) -> 0 | V113: =SUM(J113*$D113) -> 0 | W113: =SUM(K113*$D113) -> 0 | X113: =SUM(L113*$D113) -> 0 | Y113: =SUM(M113*$D113) -> 0 | Z113: =SUM(N113*$D113) -> 0 | AA113: =SUM(O113*$D113) -> 0 | ... AC113: =SUM(Q113*$D113) -> 0 | AD113: L
...

Sheet IF PO Record
A1: PODS - BX Repair PO Record
A3: Repair Count | B3: ='IF Repair Reimbursement'!E5 -> Container Number | C3: ='IF Repair Reimbursement'!A3 -> Date Submitted | D3: ='IF Repair Reimbursement'!A4 -> Market Number | E3: ='IF Repair Reimbursement'!A5 -> Market Location | F3: ='IF Repair Reimbursement'!A6 -> Market Legal Name | G3: ='IF Repair Reimbursement'!A7 -> Submitted By | H3: Approved Amount | I3: PO Number | J3: PO Issue Date | K3: PO Issue Week Ending | L3: PO Issued By | M3: Comments
A4: 1 | B4: ='IF Repair Reimbursement'!H139 | C4: =IF('IF Repair Reimbursement'!$C$3="(Type in Date Here)","",'IF Repair Reimbursement'!$C$3) | D4: =IF('IF Repair Reimbursement'!$C$4="(Type in Market #)","",'IF Repair Reimbursement'!$C$4) | E4: =IF('IF Repair Reimbursement'!$C$5="(Auto-populates after Mkt # is entered)","",'IF Repair Reimbursement'!$C$5) | F4: =IF('IF Repair Reimbursement'!$C$6="(Auto-populates after Mkt # is entered)","",'IF Repair Reimbursement'!$C$6) | G4: =IF('IF Repair Reimbursement'!$C$7="(Type in First and Last Name)","",'IF Repair Reimbursement'!$C$7) | O4: ='IF Repair Reimbursement'!H136 -> 0
A5: 2 | B5: ='IF Repair Reimbursement'!H140 | C5: =IF('IF Repair Reimbursement'!$C$3="(Type in Date Here)","",'IF Repair Reimbursement'!$C$3) | D5: =IF('IF Repair Reimbursement'!$C$4="(Type in Market #)","",'IF Repair Reimbursement'!$C$4) | E5: =IF('IF Repair Reimbursement'!$C$5="(Auto-populates after Mkt # is entered)","",'IF Repair Reimbursement'!$C$5) | F5: =IF('IF Repair Reimbursement'!$C$6="(Auto-populates after Mkt # is entered)","",'IF Repair Reimbursement'!$C$6) | G5: =IF('IF Repair Reimbursement'!$C$7="(Type in First and Last Name)","",'IF Repair Reimbursement'!$C$7) | O5: ='IF Repair Reimbursement'!I136 -> 0
A6: 3 | B6: ='IF Repair Reimbursement'!H141 | C6: =IF('IF Repair Reimbursement'!$C$3="(Type in Date Here)","",'IF Repair Reimbursement'!$C$3) | D6: =IF('IF Repair Reimbursement'!$C$4="(Type in Market #)","",'IF Repair Reimbursement'!$C$4) | E6: =IF('IF Repair Reimbursement'!$C$5="(Auto-populates after Mkt # is entered)","",'IF Repair Reimbursement'!$C$5) | F6: =IF('IF Repair Reimbursement'!$C$6="(Auto-populates after Mkt # is entered)","",'IF Repair Reimbursement'!$C$6) | G6: =IF('IF Repair Reimbursement'!$C$7="(Type in First and Last Name)","",'IF Repair Reimbursement'!$C$7) | O6: ='IF Repair Reimbursement'!J136 -> 0
A7: 4 | B7: ='IF Repair Reimbursement'!H142 | C7: =IF('IF Repair Reimbursement'!$C$3="(Type in Date Here)","",'IF Repair Reimbursement'!$C$3) | D7: =IF('IF Repair Reimbursement'!$C$4="(Type in Market #)","",'IF Repair Reimbursement'!$C$4) | E7: =IF('IF Repair Reimbursement'!$C$5="(Auto-populates after Mkt # is entered)","",'IF Repair Reimbursement'!$C$5) | F7: =IF('IF Repair Reimbursement'!$C$6="(Auto-populates after Mkt # is entered)","",'IF Repair Reimbursement'!$C$6) | G7: =IF('IF Repair Reimbursement'!$C$7="(Type in First and Last Name)","",'IF Repair Reimbursement'!$C$7) | O7: ='IF Repair Reimbursement'!K136 -> 0
A8: 5 | B8: ='IF Repair Reimbursement'!H143 | C8: =IF('IF Repair Reimbursement'!$C$3="(Type in Date Here)","",'IF Repair Reimbursement'!$C$3) | D8: =IF('IF Repair Reimbursement'!$C$4="(Type in Market #)","",'IF Repair Reimbursement'!$C$4) | E8: =IF('IF Repair Reimbursement'!$C$5="(Auto-populates after Mkt # is entered)","",'IF Repair Reimbursement'!$C$5) | F8: =IF('IF Repair Reimbursement'!$C$6="(Auto-populates after Mkt # is entered)","",'IF Repair Reimbursement'!$C$6) | G8: =IF('IF Repair Reimbursement'!$C$7="(Type in First and Last Name)","",'IF Repair Reimbursement'!$C$7) | O8: ='IF Repair Reimbursement'!L136 -> 0
A9: 6 | B9: ='IF Repair Reimbursement'!H144 | C9: =IF('IF Repair Reimbursement'!$C$3="(Type in Date Here)","",'IF Repair Reimbursement'!$C$3) | D9: =IF('IF Repair Reimbursement'!$C$4="(Type in Market #)","",'IF Repair Reimbursement'!$C$4) | E9: =IF('IF Repair Reimbursement'!$C$5="(Auto-populates after Mkt # is entered)","",'IF Repair Reimbursement'!$C$5) | F9: =IF('IF Repair Reimbursement'!$C$6="(Auto-populates after Mkt # is entered)","",'IF Repair Reimbursement'!$C$6) | G9: =IF('IF Repair Reimbursement'!$C$7="(Type in First and Last Name)","",'IF Repair Reimbursement'!$C$7) | O9: ='IF Repair Reimbursement'!M136 -> 0
A10: 7 | B10: ='IF Repair Reimbursement'!H145 | C10: =IF('IF Repair Reimbursement'!$C$3="(Type in Date Here)","",'IF Repair Reimbursement'!$C$3) | D10: =IF('IF Repair Reimbursement'!$C$4="(Type in Market #)","",'IF Repair Reimbursement'!$C$4) | E10: =IF('IF Repair Reimbursement'!$C$5="(Auto-populates after Mkt # is entered)","",'IF Repair Reimbursement'!$C$5) | F10: =IF('IF Repair Reimbursement'!$C$6="(Auto-populates after Mkt # is entered)","",'IF Repair Reimbursement'!$C$6) | G10: =IF('IF Repair Reimbursement'!$C$7="(Type in First and Last Name)","",'IF Repair Reimbursement'!$C$7) | O10: ='IF Repair Reimbursement'!N136 -> 0
A11: 8 | B11: ='IF Repair Reimbursement'!H146 | C11: =IF('IF Repair Reimbursement'!$C$3="(Type in Date Here)","",'IF Repair Reimbursement'!$C$3) | D11: =IF('IF Repair Reimbursement'!$C$4="(Type in Market #)","",'IF Repair Reimbursement'!$C$4) | E11: =IF('IF Repair Reimbursement'!$C$5="(Auto-populates after Mkt # is entered)","",'IF Repair Reimbursement'!$C$5) | F11: =IF('IF Repair Reimbursement'!$C$6="(Auto-populates after Mkt # is entered)","",'IF Repair Reimbursement'!$C$6) | G11: =IF('IF Repair Reimbursement'!$C$7="(Type in First and Last Name)","",'IF Repair Reimbursement'!$C$7) | O11: ='IF Repair Reimbursement'!O136 -> 0
A12: 9 | B12: ='IF Repair Reimbursement'!H147 | C12: =IF('IF Repair Reimbursement'!$C$3="(Type in Date Here)","",'IF Repair Reimbursement'!$C$3) | D12: =IF('IF Repair Reimbursement'!$C$4="(Type in Market #)","",'IF Repair Reimbursement'!$C$4) | E12: =IF('IF Repair Reimbursement'!$C$5="(Auto-populates after Mkt # is entered)","",'IF Repair Reimbursement'!$C$5) | F12: =IF('IF Repair Reimbursement'!$C$6="(Auto-populates after Mkt # is entered)","",'IF Repair Reimbursement'!$C$6) | G12: =IF('IF Repair Reimbursement'!$C$7="(Type in First and Last Name)","",'IF Repair Reimbursement'!$C$7) | O12: ='IF Repair Reimbursement'!P136 -> 0
A13: 10 | B13: ='IF Repair Reimbursement'!H148 | C13: =IF('IF Repair Reimbursement'!$C$3="(Type in Date Here)","",'IF Repair Reimbursement'!$C$3) | D13: =IF('IF Repair Reimbursement'!$C$4="(Type in Market #)","",'IF Repair Reimbursement'!$C$4) | E13: =IF('IF Repair Reimbursement'!$C$5="(Auto-populates after Mkt # is entered)","",'IF Repair Reimbursement'!$C$5) | F13: =IF('IF Repair Reimbursement'!$C$6="(Auto-populates after Mkt # is entered)","",'IF Repair Reimbursement'!$C$6) | G13: =IF('IF Repair Reimbursement'!$C$7="(Type in First and Last Name)","",'IF Repair Reimbursement'!$C$7) | O13: ='IF Repair Reimbursement'!Q136 -> 0
O14: =SUM(O4:O13) -> 0
G15: Total: | H15: =SUM(H4:H13) -> 0
G18: Total Light Parts | H18: =SUM('IF Repair Reimbursement'!F11:F81) -> 0 | J18: Fill out only the yellow highlighted sections
G19: Total Heavy Parts | H19: =SUM('IF Repair Reimbursement'!F88:F98) -> 0
G20: Total Parts | H20: =H19+H18 -> 0
G22: Total Light Labor | H22: =SUM('IF Repair Reimbursement'!F102:F115) -> 0
G23: Total Heavy Labor | H23: =SUM('IF Repair Reimbursement'!F122:F133) -> 0
G24: Total Labor | H24: =H23+H22 -> 0
G26: Total Request | H26: =H24+H20 -> 0

Sheet Market Listing
A1: Franchisee | C1: Master Franchisee List
A3: 43264
A6: RBMS Market # | B6: PODS Market Name | C6: Market Legal Name | D6: Corp?
A7: 1 | B7: Tampa Bay, FL | C7: PODS Enterprises, LLC | D7: Yes
A8: 2 | B8: Sarasota, FL | C8: PODS Enterprises, LLC | D8: Yes
A9: 3 | B9: South Florida | C9: PODS Enterprises, LLC | D9: Yes
A10: 4 | B10: Orlando, FL | C10: PODS Enterprises, LLC | D10: Yes
A11: 5 | B11: Minneapolis, MN | C11: PODS Enterprises, LLC | D11: Yes
A12: 6 | B12: Charlotte, NC | C12: Portable Storage Systems, Inc. | D12: Fran
A13: 7 | B13: Indianapolis, IN | C13: Portable Storage, Inc. | D13: Fran
A14: 8 | B14: Greater Cincinnati | C14: PODS Enterprises, LLC | D14: Yes
A15: 9 | B15: PODS Inter-Franchise | C15: PODS IF - (Type in Hub Location) | D15: Yes
A16: 10 | B16: Daytona, FL | C16: Ultimate Storage, Inc. | D16: Fran
A17: 11 | B17: Jacksonville, FL | C17: Ultimate Storage, Inc. | D17: Fran
A18: 12 | B18: Melbourne, FL | C18: PODS Enterprises, LLC | D18: Yes
... A150: 182 | B150: Evansville, IN | C150: PODS Enterprises, LLC | D150: Yes
A151: (Type in Market #) | B151: (Auto-populates after Mkt # is entered) | C151: (Auto-populates after Mkt # is entered)
